 Dungeon Crawl Stone Soup version bcrawl-1.27.5 (webtiles) character file.

Game seed: 8598070580728287583

167310 Freyura the Twirler (level 6, 0/48 HPs)
             Began as a Demonspawn Gladiator on Aug 17, 2020.
             Was an Initiate of Makhleb.
             Slain by Sigmund
             ... wielding a cursed -1 scythe
              (4 damage)
             ... on level 4 of the Dungeon.
             The game lasted 00:09:46 (3669 turns).

Freyura the Twirler (Demonspawn Gladiator)          Turns: 3669, Time: 00:09:47

Health: 0/48       AC: 11    Str: 12 (14) XL:     6   Next: 45%
Magic:  0/6        EV: 13    Int:  9 (10) God:    Makhleb [......]
Gold:   272        SH:  0    Dex: 15 (16) Spells: 5/5 levels left

rFire    + . .     SeeInvis .   a - +2 quarterstaff
rCold    + . .     Gourm    .   (shield currently unavailable)
rNeg     . . .     Faith    .   f - +1 leather armour {rF+}
rPois    .         Spirit   +   c - +1 helmet
rElec    .         Reflect  .   (no cloak)
rCorr    .         Harm     .   (no gloves)
MR       .....                  s - +0 pair of boots
Stlth    +.........             (no amulet)
HPRegen  0.16/turn              m - ring of protection from cold
MPRegen  0.10/turn              (no ring)

@: starving
A: talons 1, iridescent scales 2, magic shield
a: Renounce Religion


You were on level 4 of the Dungeon.
You worshipped Makhleb.
Makhleb was noncommittal.
You were starving.

You visited 2 branches of the dungeon, and saw 5 of its levels.

You collected 272 gold pieces.

Inventory:

Hand Weapons
 a - a +2 quarterstaff (weapon)
Missiles
 d - 3 throwing nets {=f}
Armour
 c - a +1 helmet (worn)
 f - a +1 leather armour of fire resistance (worn)
 s - a +0 pair of boots (worn)
Jewellery
 m - a ring of protection from cold (left hand)
Scrolls
 b - 5 scrolls of identify
 i - 3 scrolls of enchant armour
 j - a scroll of remove curse
 l - a scroll of fog
 o - a scroll of fear
Potions
 g - a potion of heal wounds {unknown}
 h - a potion of ambrosia {unknown}
 k - 4 potions of curing
 p - a potion of magic {unknown}
Comestibles
 e - 6 rations {!d}


   Skills:
 + Level 3.7 Fighting
 * Level 5.2 Staves
 - Level 1.7 Throwing
 + Level 3.8 Dodging
 + Level 0.6 Invocations


You had 5 spell levels left.
You didn't know any spells.
Your spell library was empty.

Dungeon Overview and Level Annotations

Branches:
Dungeon (4/12)             Temple (1/1) D:4

Altars:
Dithmenos
Elyvilon
Fedhas
Gozag
Hepliaklqana
Kikubaaqudgha
Makhleb
Nemelex Xobeh
Qazlal
Sif Muna
Trog
Uskayaw
Wu Jian
Yredelemnul

Shops:
D:4 =

Annotations:
D:4 Sigmund


Innate Abilities, Weirdness & Mutations

You have sharp toenails.
You are mostly covered in iridescent scales. (AC +4)
When hurt, damage is shared between your health and your magic reserves.


Message History

The crimson imp blinks!
The orc hits you but does no damage. Something hits you but does no damage.
You closely miss something. The hobgoblin closely misses you.
You are starving!
You miss something. The orc barely misses you.
Something hits you but does no damage.
The crimson imp blinks!
You closely miss something. The hobgoblin closely misses you.
The orc hits you from afar with a +0 scythe!
* * * LOW HITPOINT WARNING * * *
Something hits you.
* * * LOW HITPOINT WARNING * * *
You closely miss something. The hobgoblin barely misses you.
You hit something.
The orc hits you from afar with a +0 scythe.
* * * LOW HITPOINT WARNING * * *
It was a potion of degeneration.
There was something very wrong with that liquid.
You feel weakened.
You feel dopey.
You feel clumsy. Something hits you.
You die...

## .. ..# ##### #. #.# ....# ..
#.# ....# . #.# ....##' ####.#.#
....... .....#.####g......
#..!..@{o...... ##
#.#.####....5.. #.. #.# .......
.. #.. #.# ####### ... +...
#.##### ... ###...###.#...#
########.#
###...........#...######......#.#
...........(.....................
........#..#...#########........#


You could see a crimson imp, an orc and a hobgoblin.

Vanquished Creatures
  An ogre (D:4)
  A crimson imp (D:3)
  A hound (D:4)
  Robin (D:2)
  2 gnolls (D:3)
  7 adders
  3 oozes
  2 adder skeletons (D:4)
  3 worms
  2 dart slugs
  A leopard gecko (D:3)
  8 orcs
  3 ball pythons
  12 goblins
  16 hobgoblins
  8 jackals
  2 quokkas
  7 bats
  6 frilled lizards
  9 kobolds
  6 rats
101 creatures vanquished.

Notes
Turn   | Place    | Note
-------+----------+-------------------------------------------
     0 | D:1      | Freyura the Demonspawn Gladiator began the quest for the
                  | Orb.
     0 | D:1      | Reached XP level 1. HP: 16/16 MP: 1/1
   104 | D:1      | Reached skill level 3 in Staves
   104 | D:1      | Gained mutation: You are partially covered in iridescent
                  | scales. (AC +2) [demonic ancestry]
   104 | D:1      | Reached XP level 2. HP: 22/22 MP: 2/2
   638 | D:1      | Gained mutation: You are mostly covered in iridescent
                  | scales. (AC +4) [demonic ancestry]
   638 | D:1      | Reached XP level 3. HP: 27/27 MP: 3/3
   811 | D:2      | Found a shimmering blue altar of Sif Muna.
   993 | D:2      | Noticed Robin
  1031 | D:2      | Killed Robin
  1031 | D:2      | Gained mutation: You have sharp toenails. [demonic
                  | ancestry]
  1031 | D:2      | Reached XP level 4. HP: 13/34 MP: 4/4
  1181 | D:2      | Reached skill level 4 in Staves
  1714 | D:3      | Found a stormy altar of Qazlal.
  1990 | D:3      | Gained mutation: When hurt, damage is shared between your
                  | health and your magic reserves. [demonic ancestry]
  1990 | D:3      | Reached XP level 5. HP: 3/41 MP: 5/5
  2442 | D:3      | Found a bloodstained altar of Trog.
  2866 | D:4      | Noticed an ogre
  2876 | D:4      | Killed an ogre
  2876 | D:4      | Reached skill level 5 in Staves
  2876 | D:4      | Reached XP level 6. HP: 10/47 MP: 1/6
  3027 | D:4      | Found a staircase to the Ecumenical Temple.
  3027 | D:4      | Found Caseil's Jewellery Shoppe.
  3046 | Temple   | Entered the Ecumenical Temple
  3282 | Temple   | Became a worshipper of Makhleb the Destroyer
  3631 | D:4      | Noticed Sigmund
  3669 | D:4      | Slain by Sigmund

Skill      XL: |  1  2  3  4  5 |
---------------+----------------+-----
Staves         | 3 4 5 |  5.2
Dodging        | 3 |  3.8
Fighting       | 3 |  3.7
Throwing       | |  1.7
Invocations    | |  0.6

Action                   |  1- 3 |  4- 6 || total
-------------------------+-------+-------++-------
Melee: Quarterstaff      |    95 |   196 ||   291
       Kick              |       |    33 ||    33
  Use: Scroll            |     4 |     6 ||    10
       Potion            |       |     2 ||     2
 Stab: Sleeping          |     1 |       ||     1
  Eat: Chunk             |     2 |    12 ||    14
Armor: Leather armour    |    46 |    88 ||   134
Dodge: Dodged            |    64 |   168 ||   232
